 Dungeon Crawl Stone Soup version 0.21-a0 (webtiles) character file.

103 Chiseanne the Skirmisher (level 4, -3/64 HPs)
             Began as a Gnoll Wanderer on May 19, 2017.
             Slain by a crocodile (9 damage)
             ... in a sewer.
             The game lasted 00:07:02 (2977 turns).

Chiseanne the Skirmisher (Gnoll Wanderer)           Turns: 2977, Time: 00:07:03

Health: -3/64      AC: 22    Str: 12    XL:     4   Next: 79%
Magic:  8/8        EV:  2    Int: 13    God:
Gold:   160        SH:  0    Dex: 12    Spells: 8/9 levels left

rFire    . . .     SeeInvis .   a - +1 spear
rCold    . . .     Gourm    .   (no shield)
rNeg     + + +     Faith    .   (armour currently unavailable)
rPois    +         Spirit   .   (helmet currently unavailable)
rElec    .         Reflect  .   (cloak currently unavailable)
rCorr    .         Harm     .   (gloves currently unavailable)
MR       .....     NoTele   +   (boots currently unavailable)
Stlth    +.........             (no amulet)
Regen    0.2/turn               n - ring of positive energy
MPRegen  0.2/turn               (no ring)

@: tree-form
A: short attention span, strong nose
a: no special abilities


You were in a sewer.
You were not hungry.
You were a tree.
You visited 1 branch of the dungeon, and saw 4 of its levels.
You also visited: Sewer.

You collected 160 gold pieces.

Inventory:

Hand Weapons
 a - a +1 spear (weapon)
Missiles
 h - 20 sling bullets
 m - 90 stones (quivered)
 t - 63 arrows
 u - 24 bolts
Armour
 l - a +1 leather armour (melded)
Jewellery
 n - a ring of positive energy (left branch)
Scrolls
 g - a scroll of recharging
 i - 2 scrolls of magic mapping
 j - a scroll of remove curse
 s - a scroll of identify
 v - a scroll of teleportation
Potions
 d - a potion of brilliance
 e - a potion of flight {unknown}
 k - a potion of might {unknown}
 o - a potion of invisibility {unknown}
Books
 b - the Volume of the Mountains

   Spells                             Type                      Level
   a - Sandblast                      Earth                        1
   b - Stone Arrow                    Conjuration/Earth            3
 p - a book of Callings

   Spells                             Type                      Level
   a - Summon Small Mammal            Summoning                    1
   b - Call Imp                       Summoning                    2
   c - Call Canine Familiar           Summoning                    3
   d - Summon Guardian Golem          Hexes/Summoning              3
   e - Summon Lightning Spire         Summoning/Air                4
   f - Summon Ice Beast               Ice/Summoning                4
Comestibles
 c - a meat ration
 f - 4 bread rations
 q - a royal jelly


   Skills:
 * Level 7.0 Fighting
 + Level 1.2(1.6) Polearms
   Level 1.7(2.0) Staves
 - Level 1.7 Throwing
 * Level 3.1 Dodging
 * Level 3.2 Spellcasting
   Level 1.7 Charms
 * Level 4.0 Summonings
   Level 1.7 Evocations


You had 8 spell levels left.
You knew the following spells:

 Your Spells              Type           Power        Failure   Level  Hunger
a - Summon Small Mammal   Summ           ##..         4%          1    #......


Dungeon Overview and Level Annotations

Branches:
Dungeon (4/15)
 Temple: D:4-7

Altars:


Innate Abilities, Weirdness & Mutations

You have a short attention span.
((You have very sharp teeth.))
Your uncanny sense of smell can sniff out nearby items.


Message History

The crocodile is severely wounded.
The crocodile bites you.
* * * LOW HITPOINT WARNING * * *
You barely miss the crocodile.
The crocodile is severely wounded.
The crocodile bites you.
* * * LOW HITPOINT WARNING * * *
You hit the crocodile but do no damage.
The crocodile is severely wounded.
The crocodile bites you but does no damage.
You hit the crocodile but do no damage.
The crocodile is severely wounded.
The crocodile bites you but does no damage.
You closely miss the crocodile.
The crocodile is severely wounded.
The crocodile barely misses you.
You hit the crocodile but do no damage.
The crocodile is severely wounded.
The crocodile bites you!
You die...

###### ##.....##
#$......#
#!$.....############
#$(...t♣............
#($.....####.#######
#$......# #.#
##.....## #.# ######
#.# #.# #.# ##.##
##...##


You could see a crocodile.

Vanquished Creatures
  3 adders
  4 worms
  A leopard gecko (D:3)
  An orc (D:3)
  2 giant cockroaches
  6 goblins
  5 hobgoblins
  7 jackals
  A quokka (D:3)
  2 ball pythons
  12 bats
  4 kobolds
  14 rats
62 creatures vanquished.

Notes
Turn   | Place    | Note
-------+----------+-------------------------------------------
     0 | D:1      | Chiseanne the Gnoll Wanderer began the quest for the Orb.
     0 | D:1      | Chiseanne set off with: a book of Callings, the Volume of the Mountains, a +0 robe, a +0 club, a bread ration
     0 | D:1      | Reached XP level 1. HP: 22/22 MP: 2/2
     1 | D:1      | Identified the Volume of the Mountains
   519 | D:1      | Reached XP level 2. HP: 29/29 MP: 3/3
   559 | D:1      | Reached skill level 1 in Spellcasting
   805 | D:2      | Reached skill level 1 in Dodging
  1031 | D:2      | Reached XP level 3. HP: 33/35 MP: 5/5
  1037 | D:2      | Learned a level 1 spell: Summon Small Mammal
  1298 | D:2      | Found a faded altar of an unknown god.
  2018 | D:3      | Reached XP level 4. HP: 39/41 MP: 6/8
  2189 | D:3      | Reached skill level 7 in Fighting
  2313 | D:3      | Reached skill level 1 in Polearms
  2631 | D:4      | Found a glowing drain.
  2785 | Sewer    | Entered a sewer
  2955 | Sewer    | Noticed a crocodile
  2977 | Sewer    | Slain by a crocodile

Vault maps used:
D:1:      sevenhm_arrival_forest_fort_large_4
D:2:      first_bread, chequers_ecumenical_altar_simple, grunt_ministairs_3
D:3:      grunt_ministairs_11
D:4:      serial_shops, shop_fountains, portal_sewer_entry_b
Sewer:    sewer_big_baddie

Skill      XL: |  1  2  3  4 |
---------------+-------------+-----
Spellcasting   | 1 2 3 |  3.2
Dodging        | 1 2 3 |  3.1
Fighting       | 7 |  7.0
Polearms       | 1 |  1.2
Summonings     | 4 |  4.0
Staves         | |  1.7
Throwing       | |  1.7
Charms         | |  1.7
Evocations     | |  1.7

Action                   |  1- 3 |  4- 6 || total
-------------------------+-------+-------++-------
Melee: Club              |    30 |       ||    30
       Bite              |    13 |    12 ||    25
       Spear             |   129 |   115 ||   244
  Use: Scroll            |     7 |     4 ||    11
       Potion            |       |     1 ||     1
 Stab: Sleeping          |     2 |       ||     2
  Eat: Chunk             |     4 |     3 ||     7
Armor: Robe              |     4 |       ||     4
       Leather armour    |    47 |    36 ||    83
       Skin              |       |     6 ||     6
Dodge: Dodged            |   102 |    77 ||   179
